 Dungeon Crawl Stone Soup version 0.21.0-24-g2553a33 (webtiles) character file.

19999 Gorglomux the Blocker (level 12, -1/80 HPs)
             Began as a Gargoyle Fighter on Jan 20, 2018.
             Was an Elder of the Shining One.
             Engulfed by a cloud of freezing vapour (14 damage)
             ... in an ice cave.
             The game lasted 00:10:03 (12953 turns).

Gorglomux the Blocker (Gargoyle Fighter)           Turns: 12953, Time: 00:10:04

Health: -1/80      AC: 26    Str: 30    XL:     12   Next: 74%
Magic:  16/16      EV:  8    Int: 12    God:    the Shining One [****..]
Gold:   976        SH: 17    Dex:  9    Spells: 11/11 levels left

rFire    . . .     SeeInvis .   a - +1 war axe (flame)
rCold    . . .     Gourm    .   c - +0 shield
rNeg     + + +     Faith    .   W - +0 chain mail (curse)
rPois    ∞         Spirit   .   r - -1 helmet (curse)
rElec    +         Reflect  +   (no cloak)
rCorr    .         Harm     .   (no gloves)
MR       .....                  N - +1 pair of boots
Stlth    ..........             O - amulet "Liast" {Reflect rElec Str+4 Int+4 SH+4}
HPRegen  0.23/turn              x - +3 ring of protection
MPRegen  0.15/turn              (no ring)

@: glowing
A: negative energy resistance 1, electricity resistance, unbreathing,
petrification resistance, rot immunity, AC +8
a: Divine Shield, Cleansing Flame, Renounce Religion


You were in an ice cave.
You worshipped the Shining One.
The Shining One was greatly pleased with you.
You were not hungry.

You visited 3 branches of the dungeon, and saw 15 of its levels.
You also visited: Sewer and Ice Cave.

You collected 976 gold pieces.

Inventory:

Hand Weapons
 a - a +1 war axe of flaming (weapon)
Armour
 c - a +0 shield (worn)
 r - a cursed -1 helmet (worn)
 N - a +1 pair of boots (worn)
 W - a cursed +0 chain mail (worn)
Jewellery
 x - a +3 ring of protection (left hand)
 O - the amulet "Liast" (around neck) {Reflect rElec Str+4 Int+4 SH+4}
   (You found it on level 10 of the Dungeon)

   [amulet of reflection]

   It shields you and reflects attacks.
   It affects your strength (+4).
   It affects your intelligence (+4).
   It insulates you from electricity.
   It affects your SH (+4).
Wands
 A - a wand of acid (9)
 P - a wand of paralysis (13)
 S - a wand of scattershot (1)
Scrolls
 i - 3 scrolls of remove curse
 j - 4 scrolls of immolation
 q - 4 scrolls of teleportation
 w - 2 scrolls of enchant weapon
 M - 2 scrolls of magic mapping
 R - a scroll of identify
 V - a scroll of enchant armour
Potions
 d - a potion of might
 h - 3 potions of mutation {!q}
 l - a potion of haste
 p - 4 potions of agility
 u - 3 potions of flight
 Q - 6 potions of curing
 U - a potion of lignification
 Y - a potion of cancellation {unknown}
Books
 X - the Volume of Frigorific Shape Shifting
   (You found it in an ice cave)

   Spells                             Type                      Level
   a - Freeze                         Ice                          1
   b - Passwall                       Transmutation/Earth          2
   c - Blade Hands                    Transmutation                5
   d - Bolt of Cold                   Conjuration/Ice              6
   e - Simulacrum                     Ice/Necromancy               6
Comestibles
 f - 20 rations


   Skills:
 + Level 11.4 Fighting
 + Level 9.5 Axes
 + Level 11.4 Armour
 + Level 11.4 Shields
 + Level 5.7 Invocations


You had 11 spell levels left.
You didn't know any spells.

Dungeon Overview and Level Annotations

Branches:
Dungeon (12/15)            Temple (1/1) D:6            Lair (2/6) D:11
    Orc (0/2) D:10
  Swamp: Lair:2-4    Shoals: Lair:2-4     Snake: Lair:2-4    Spider: Lair:2-4

Altars:
Ashenzari
Cheibriados
Dithmenos
Elyvilon
Fedhas
Gozag
Hepliaklqana
Kikubaaqudgha
Makhleb
Nemelex Xobeh
Okawaru
Qazlal
Ru
Sif Muna
Trog
Uskayaw
Vehumet
Wu Jian
Xom
Yredelemnul
Zin
The Shining One

Annotations:
D:5 2 transporters
Lair:1 exclusion: 3 oklob plants


Innate Abilities, Weirdness & Mutations

You are resistant to torment.
Your stone body is resilient. (AC +8)
You are immune to poison.
You resist negative energy. (rN+)
You are resistant to electric shocks. (rElec)
You can survive without breathing.
You are immune to petrification.
You are immune to rotting.


Message History

Really walk into that cloud of freezing vapour? [Y]es or [N]o butt-ly, please!
Really walk into that cloud of freezing vapour?
Okay, then!
Okay, then!
Unknown command!
Really walk into that cloud of freezing vapour?
You are engulfed in freezing vapours!
You are engulfed in freezing vapours!
You enter the shallow water!
Moving in this stuff is going to be slow!
You are engulfed in freezing vapours!
You butt engulfed in freezing vapours! * * * don't die
* * * You feel better!
You are engulfed in freezing vapours!
You are engulfed in freezing vapours! * * * don't die
* * * Unknown command!
You are engulfed in freezing vapours! rip

#......## ##....#######
#..##...## ##.#.##...##.##
#...##...####.#§#####...#.##
##..####...####§§§# ##..#..#
#...####...##§§§## ####..###
#....# #..##§§§## ##..###.
#∩..####..###§§# ##..####.
##..∩##..####§§# ###..####.#
#####.....#@§#####..### #...
##.#..§#####...## ###..#
########.###..# ##...##
#....#....####....[.
###.#####..####..#...⌠
#..#......## #...##.).
###..##.#### ###..####
##...##### #..## #..###
###..#


There were no monsters in sight!

Vanquished Creatures
  2 hydras (Lair:1)
  3 two-headed ogres (D:8)
  The ghost of tidbits the Grave Robber, a novice GnNe of Cheibriados (D:9)
  An ugly thing (D:11)
  A black mamba (Lair:1)
  2 rime drakes (IceCv)
  A komodo dragon (Lair:1)
  2 ice devils (Lair:2)
  A troll (D:9)
  8 polar bears (IceCv)
  4 dream sheep (Lair:1)
  Prince Ribbit (D:7)
  2 hippogriffs
  5 blink frogs (Lair:1)
  A wyvern (D:8)
  A wraith (D:11)
  Eustachio (D:6)
  26 yaks
  A water moccasin (D:9)
  3 porcupines
  A black bear (D:6)
  A hornet zombie (D:9)
  2 ice beasts
  2 sky beasts (D:9)
  5 ogres
  4 orc warriors
  An eye of draining (D:9)
  2 phantoms
  14 wolves (IceCv)
  2 centaurs
  2 crocodiles
  An elf zombie (D:7)
  Blork the orc (D:6)
  A wyvern zombie (D:11)
  12 bullfrogs
  4 scorpions
  4 wights
  2 electric eels (D:11)
  2 howler monkeys
  A bullfrog zombie (D:6)
  3 crimson imps
  A centaur zombie (D:10)
  A lava snake (D:10)
  3 human zombies (D:7)
  A jelly (D:8)
  6 hounds
  3 orc priests (D:10)
  3 orc wizards
  2 centaur skeletons
  4 human skeletons (D:7)
  2 bullfrog skeletons
  2 iguanas
  Ijyb (D:4)
  A merfolk siren (Sewer)
  A merfolk avatar (Sewer)
  6 worker ants
  3 mummies (D:7)
  2 worker ant zombies
  10 adders
  A gnoll (D:4)
  2 river rats (Sewer)
  2 shadow imps
  2 worms (D:2)
  2 dart slugs
  10 leopard geckos
  24 orcs
  12 giant cockroaches
  2 goblins (D:2)
  8 hobgoblins
  4 jackals
  5 kobolds
  8 ball pythons
  6 bats
  2 frilled lizards
  A leopard gecko skeleton (D:7)
  A quokka skeleton (D:8)
  28 rats
306 creatures vanquished.

Vanquished Creatures (others)
  4 polar bears (IceCv)
  4 yaks (IceCv)
  A wolf (IceCv)
  A plant (Lair:1)
10 creatures vanquished.

Grand Total: 316 creatures vanquished

Notes
Turn   | Place    | Note
-------+----------+-------------------------------------------
     0 | D:1      | Gorglomux the Gargoyle Fighter began the quest for the Orb.
     0 | D:1      | Reached XP level 1. HP: 14/14 MP: 1/1
   271 | D:1      | Reached XP level 2. HP: 19/19 MP: 2/2
   752 | D:2      | Reached XP level 3. HP: 15/24 MP: 3/3
  1074 | D:2      | Reached XP level 4. HP: 29/29 MP: 4/4
  1526 | D:3      | Found a glowing drain.
  1603 | Sewer    | Entered a sewer
  1699 | Sewer    | Reached XP level 5. HP: 26/33 MP: 5/5
  2101 | Sewer    | Noticed a malarious merfolk avatar
  2106 | Sewer    | Reached skill level 3 in Axes
  2128 | Sewer    | Killed a malarious merfolk avatar
  2583 | D:4      | Reached XP level 6. HP: 39/39 MP: 6/6
  2620 | D:4      | Noticed Ijyb
  2629 | D:4      | Killed Ijyb
  2725 | D:4      | Found a shimmering altar of Xom.
  2726 | D:4      | Found a shimmering altar of Xom.
  2727 | D:4      | Found a shimmering altar of Xom.
  2762 | D:4      | Noticed an ice beast
  3305 | D:4      | Found a sacrificial altar of Ru.
  3446 | D:5      | Entered Level 5 of the Dungeon
  3490 | D:5      | Reached XP level 7. HP: 41/44 MP: 7/7
  3698 | D:5      | Found a transporter.
  3747 | D:5      | Found a transporter.
  3954 | D:5      | Reached XP level 8. HP: 51/51 MP: 8/8
  4181 | D:6      | Noticed Eustachio
  4182 | D:6      | Noticed Blork the orc
  4195 | D:6      | Killed Blork the orc
  4195 | D:6      | Reached skill level 6 in Shields
  4242 | D:6      | Killed Eustachio
  4242 | D:6      | Reached skill level 6 in Fighting
  4242 | D:6      | Reached skill level 6 in Armour
  4406 | D:6      | Found a staircase to the Ecumenical Temple.
  4442 | Temple   | Entered the Ecumenical Temple
  4581 | Temple   | Became a worshipper of the Shining One
  4874 | D:7      | Found a shimmering altar of Xom.
  4895 | D:7      | Found a hazy altar of Hepliaklqana.
  4998 | D:7      | Noticed Prince Ribbit
  5134 | D:7      | Killed Prince Ribbit
  5471 | D:7      | Reached XP level 9. HP: 37/56 MP: 9/9
  5613 | D:7      | Found a sparkling altar of Nemelex Xobeh.
  5691 | D:7      | Found an ancient bone altar of Kikubaaqudgha.
  5708 | D:7      | Reached * piety under the Shining One
  5986 | D:7      | Found a hide-covered altar of Uskayaw.
  6066 | D:8      | Noticed a two-headed ogre
  6070 | D:8      | Reached ** piety under the Shining One
  6082 | D:8      | Killed a two-headed ogre
  6082 | D:8      | Reached skill level 6 in Axes
  6294 | D:8      | Reached XP level 10. HP: 52/64 MP: 10/10
  6307 | D:8      | Noticed a two-headed ogre
  6314 | D:8      | HP: 3/64 [two-headed ogre/giant spiked club (14)]
  6316 | D:8      | Killed a two-headed ogre
  6753 | D:8      | Noticed a two-headed ogre
  6764 | D:8      | Killed a two-headed ogre
  6764 | D:8      | Reached skill level 9 in Fighting
  6764 | D:8      | Reached skill level 9 in Armour
  6764 | D:8      | Reached skill level 9 in Shields
  7345 | D:8      | Found an ornate altar of the Wu Jian Council.
  7349 | D:8      | Found a blossoming altar of Fedhas.
  7778 | D:9      | Noticed tidbits's ghost (novice GnNe)
  7793 | D:9      | Killed tidbits's ghost
  7822 | D:9      | Reached XP level 11. HP: 71/71 MP: 0/11
  8376 | D:10     | Entered Level 10 of the Dungeon
  8379 | D:10     | Found a staircase to the Orcish Mines.
  8486 | D:10     | Got a shimmering sapphire amulet
  8506 | D:10     | Identified the amulet "Liast" {Reflect rElec Str+4 Int+4 SH+4} (You found it on level 10 of the Dungeon)
  8750 | D:10     | Reached *** piety under the Shining One
  9040 | D:10     | Reached skill level 1 in Invocations
  9438 | D:11     | Noticed a green ugly thing
  9449 | D:11     | Killed a green ugly thing
  9649 | D:11     | Found a staircase to the Lair.
 10013 | D:12     | Noticed a two-headed ogre
 10051 | Lair:1   | Entered Level 1 of the Lair of Beasts
 10099 | Lair:1   | Noticed a five-headed hydra
 10112 | Lair:1   | Killed a six-headed hydra
 10162 | Lair:1   | Reached skill level 3 in Invocations
 10623 | Lair:1   | Reached XP level 12. HP: 79/79 MP: 14/14
 10634 | Lair:1   | Noticed a five-headed hydra
 10640 | Lair:1   | Killed a one-headed hydra
 10767 | Lair:1   | Reached skill level 9 in Axes
 11582 | Lair:2   | Found a frozen archway.
 11611 | IceCv    | Entered an ice cave
 11627 | IceCv    | Reached **** piety under the Shining One
 11663 | IceCv    | Identified the Volume of Frigorific Shape Shifting
 12596 | IceCv    | Noticed a frost giant
 12953 | IceCv    | Engulfed by a cloud of freezing vapour

Skill      XL: |  1  2  3  4  5  6  7  8  9 10 11 12 |
---------------+-------------------------------------+-----
Axes           | 2 3 4 5 6 7 8 9 |  9.5
Shields        | 4 5 7 8 9 10 11 | 11.4
Armour         | 4 5 6 8 9 10 11 | 11.4
Fighting       | 4 5 6 8 9 10 11 | 11.4
Invocations    | 3 5 |  5.7

Action                   |  1- 3 |  4- 6 |  7- 9 | 10-12 || total
-------------------------+-------+-------+-------+-------++-------
Melee: War axe           |   138 |   278 |   367 |   559 ||  1342
Throw: Throwing net      |       |       |       |     1 ||     1
Invok: Divine Shield     |       |       |       |     2 ||     2
Evoke: Wand              |       |     1 |     2 |     7 ||    10
  Use: Potion            |       |     1 |       |     1 ||     2
       Scroll            |       |     1 |     1 |    22 ||    24
  Eat: Chunk             |     1 |     6 |     6 |    18 ||    31
       Ration            |       |     1 |     1 |     1 ||     3
Armor: Scale mail        |    78 |   166 |   109 |       ||   353
       Chain mail        |       |       |    71 |   327 ||   398
Dodge: Dodged            |    56 |    76 |   102 |   126 ||   360
Block: Shield            |    88 |   165 |   175 |   474 ||   902
       Reflection        |       |       |       |     5 ||     5
